 Dungeon Crawl Stone Soup version 0.27.0-1-g7a08968 (webtiles) character file.

Game seed: 3941843705066597794

11659 alistair the Cleaver (level 11, -5/105 HPs)
             Began as a Hill Orc Abyssal Knight on Nov 8, 2021.
             Was a Priest of Lugonu.
             Shot with an arrow by a centaur warrior (25 damage)
             ... on level 13 of the Dungeon on Dec 16, 2021.
             The game lasted 00:49:16 (15292 turns).

alistair the Cleaver (Hill Orc Abyssal Knight)     Turns: 15292, Time: 00:49:17

Health: -5/105     AC: 17    Str: 25    XL:     11   Next: 81%
Magic:  20/20      EV:  7    Int: 12    God:    Lugonu [***...]
Gold:   399        SH:  0    Dex: 15    Spells: 10/10 levels left

rFire    + . .     SeeInvis .   a - +6 battleaxe "Maid" {flame, Dex+5}
rCold    x . .     Faith    .   (shield currently unavailable)
rNeg     . . .     Spirit   .   e - +1 plate armour
rPois    .         Reflect  .   E - +0 helmet
rElec    .         Harm     .   w - +0 cloak
rCorr    .         Rampage  .   m - +0 pair of gloves
Will     .....                  i - +0 pair of boots
Stlth    ..........             (no amulet)
HPRegen  0.27/turn              t - +6 ring of strength
MPRegen  0.17/turn              l - ring of fire

@: no status effects
A: no striking features
a: Renounce Religion, Depart the Abyss, Bend Space, Banish


You were on level 13 of the Dungeon.
You worshipped Lugonu.
Lugonu was most pleased with you.
You visited 1 branch of the dungeon, and saw 14 of its levels.
You visited the Abyss 1 time.

You collected 654 gold pieces.
You spent 255 gold pieces at shops.

Inventory:

Hand Weapons
 a - the +6 battleaxe "Maid" (weapon) {flame, Dex+5}
   (You found it on level 14 of the Dungeon)

   It burns those it strikes, dealing additional fire damage.
   Big, fiery blades are also staple armaments of hydra-hunters.
   Dex:       It affects your dexterity (+5).
 b - a +0 hunting sling
 B - a +6 spear of freezing
 D - a +1 vorpal war axe
Missiles
 f - 3 atropa-tipped darts
 o - 10 poisoned darts
 s - 44 sling bullets
 y - 6 boomerangs (quivered)
Armour
 c - a +2 ring mail of cold resistance
 e - a +1 plate armour (worn)
 i - a +0 pair of boots (worn)
 m - a +0 pair of gloves (worn)
 w - a +0 cloak (worn)
 E - a +0 helmet (worn)
 G - a +0 kite shield
Jewellery
 l - a ring of fire (right hand)
 t - a +6 ring of strength (left hand)
 v - a ring of protection from cold
 K - a ring of positive energy
 M - a ring of poison resistance
Wands
 d - a wand of flame (7)
 h - a wand of acid (6)
 u - a wand of iceblast (5)
Scrolls
 n - a scroll of fear
 q - a scroll of immolation
 x - 2 scrolls of enchant armour
 J - a scroll of magic mapping
Potions
 g - 6 potions of curing
 j - a potion of heal wounds
 k - 2 potions of brilliance
 p - a potion of ambrosia
 r - 2 potions of flight
 z - a potion of mutation
 A - 3 potions of lignification
 F - a potion of attraction
 H - a potion of haste
 I - 2 potions of cancellation
 L - 2 potions of resistance


   Skills:
 + Level 12.5 Fighting
 + Level 13.2 Axes
 + Level 4.2 Armour
 - Level 0.7 Dodging
 - Level 3.5 Shields
 + Level 13.1 Invocations


You had 10 spell levels left.
You didn't know any spells.
Your spell library contained the following spells:

 Spells                   Type           Power      Damage    Failure   Level
 Animate Skeleton         Necr           0%         N/A       99%         1
 Apportation              Tloc           0%         N/A       99%         1
 Corona                   Hex            0%         N/A       99%         1
 Sting                    Tmut/Pois      0%         1d3       99%         1
 Summon Small Mammal      Summ           0%         N/A       99%         1
 Blink                    Tloc           N/A        N/A       100%        2
 Poisonous Vapours        Pois/Air       0%         N/A       100%        2
 Call Canine Familiar     Summ           0%         N/A       100%        3
 Dazzling Flash           Conj/Hex       0%         N/A       100%        3
 Gell's Gravitas          Tloc           0%         N/A       100%        3
 Lesser Beckoning         Tloc           0%         N/A       100%        3
 Portal Projectile        Hex/Tloc       0%         N/A       100%        3
 Summon Guardian Golem    Hex/Summ       0%         N/A       100%        3
 Teleport Other           Tloc           0%         N/A       100%        3
 Airstrike                Air            0%         N/A       100%        4
 Iskenderun's Mystic Bla  Conj/Tloc      0%         2d3       100%        4
 Leda's Liquefaction      Hex/Erth       0%         N/A       100%        4
 Olgreb's Toxic Radiance  Pois           0%         N/A       100%        4
 Summon Lightning Spire   Summ/Air       0%         N/A       100%        4
 Agony                    Necr           0%         N/A       100%        5
 Lightning Bolt           Conj/Air       0%         1d11      100%        5
 Manifold Assault         Tloc           0%         N/A       100%        5
 Silence                  Hex/Air        0%         N/A       100%        5
 Starburst                Conj/Fire      0%         8x6d3     100%        6
 Storm Form               Tmut/Air       0%         N/A       100%        7


Dungeon Overview and Level Annotations

Branches:
Dungeon (15/15)            Temple (0/1) D:4
   Lair: D:8-11         Orc: D:9-12      Vaults: D:13-14     Depths: D:15

Altars:
Uskayaw
Vehumet

Shops:
D:2 (   D:9 (!   D:10 !

Annotations:
D:11 1 transporter, NeededCrab's ghost, journeyman MfTm
Abyss:1 Crazy Yiuf, Grum


Message History

The bolt of fire hits you!! You resist.
You slice the deep elf pyromancer!! You burn the deep elf pyromancer.
You kill the deep elf pyromancer!
Lugonu accepts your kill.
The fire elemental disappears in a puff of smoke! x2
The centaur warrior is engulfed in blazing flames.
The centaur warrior wields a +0 longbow.
The centaur warrior shoots an arrow.
The arrow hits you!
The centaur warrior is engulfed in blazing flames.
The centaur warrior shoots an arrow.
The arrow hits you!
Unknown command.
Unknown command.
The centaur warrior is engulfed in blazing flames.
A rakshasa comes into view. It is wielding a +0 trident.
The centaur warrior unwields a +0 longbow.
The centaur warrior hits you but does no damage.
The centaur warrior kicks you but does no damage.
You slash the centaur warrior! You burn the centaur warrior.
The centaur warrior is heavily wounded.
The centaur warrior hits you but does no damage.
The centaur warrior kicks you but does no damage.
The centaur warrior hits you. The centaur warrior closely misses you.
The rakshasa hits you from afar with a +0 trident!
Okay, then.
Unknown command.
Unknown command.
The centaur warrior wields a +0 longbow.
The centaur warrior shoots an arrow.
The arrow hits you!
Blink to where?
Press: ? - help, Dir - move target
As you read the scroll of blinking, it crumbles to dust.
An efreet comes into view.
It is wielding a +4 scimitar of flaming.
The efreet gestures at you.
The fireball explodes!
The fireball engulfs you. You resist.
You hear a shout! x3
The centaur warrior shoots an arrow.
The arrow barely misses you.
The centaur warrior shoots an arrow.
The arrow hits you!
* * * LOW HITPOINT WARNING * * *
The centaur warrior shoots an arrow.
The arrow hits you!!
You die...

#>...# #?! ##.○.#
() .○....+
..R#### #..# #.#
#.# ####.#####
#.@......#
#)##.###c#
#.##.###.####.##
#>##.....cR....#
#.######.##......
#.######.# (..##
#........# .##
########## #


You could see a centaur warrior.

Vanquished Creatures
  A centaur warrior (D:13)
  2 deep elf pyromancers (D:13)
  2 ugly things
  A hornet (shapeshifter) (D:14)
  3 trolls
  A slime creature (D:9)
  Prince Ribbit (D:7)
  2 basilisks
  A wraith (D:11)
  3 water moccasins
  A hornet zombie (D:7)
  An orc warrior (D:9)
  2 sky beasts
  3 ice beasts
  An ogre (D:3)
  3 necrophages
  3 wolves (D:9)
  4 centaurs
  A phantom (D:4)
  2 bullfrogs
  3 scorpions
  3 gnoll sergeants
  9 killer bees (D:10)
  11 wights
  5 electric eels (D:8)
  2 centaur zombies
  A hound (D:6)
  A jelly (D:7)
  2 orc priests
  A bullfrog skeleton (D:6)
  2 iguanas (D:5)
  6 orc wizards
  A hound zombie (D:5)
  A hound skeleton (D:5)
  22 gnolls
  2 howler monkey skeletons
  5 adders
  3 white imps
  2 adder skeletons (D:4)
  3 worms
  A dart slug (D:3)
  18 orcs
  6 endoplasms
  2 giant cockroaches
  7 goblins
  8 hobgoblins
  6 jackals (D:4)
  6 kobolds
  9 quokkas
  5 ball pythons
  6 bats
  5 frilled lizards
  5 rats
207 creatures vanquished.

Vanquished Creatures (collateral kills)
  A vampire (D:10)
  A killer bee (D:10)
  An orc wizard (D:10)
3 creatures vanquished.

Vanquished Creatures (others)
  5 plants
5 creatures vanquished.

Grand Total: 215 creatures vanquished

Notes
Turn   | Place    | Note
-------+----------+-------------------------------------------
     0 | Abyss:1  | alistair the Hill Orc Abyssal Knight began the quest for
                  | the Orb.
     0 | Abyss:1  | Reached XP level 1. HP: 19/19 MP: 2/2
    26 | Abyss:1  | Noticed a small abomination
    35 | Abyss:1  | Noticed a wretched star
    36 | D:1      | Escaped the Abyss
   306 | D:1      | Reached * piety under Lugonu
   307 | D:1      | Reached XP level 2. HP: 26/27 MP: 4/4
   703 | D:2      | Found a hide-covered altar of Uskayaw.
   731 | D:2      | Reached XP level 3. HP: 17/33 MP: 5/5
  1343 | D:2      | Reached XP level 4. HP: 39/41 MP: 6/6
  1391 | D:2      | Found Vaf Meug's Weapon Emporium.
  1519 | D:2      | Reached ** piety under Lugonu
  1851 | D:3      | Found a faded altar of an unknown god.
  1900 | D:3      | Reached XP level 5. HP: 16/47 MP: 6/8
  2138 | D:3      | Reached skill level 5 in Fighting
  2252 | D:3      | Noticed an ogre
  2259 | D:3      | Killed an ogre
  2260 | D:3      | Reached skill level 5 in Axes
  2403 | D:3      | Reached XP level 6. HP: 56/56 MP: 9/9
  2468 | D:3      | Reached skill level 5 in Invocations
  3480 | D:4      | Reached XP level 7. HP: 39/63 MP: 11/11
  3709 | D:4      | Found a staircase to the Ecumenical Temple.
  3811 | D:4      | Reached *** piety under Lugonu
  4318 | D:5      | Entered Level 5 of the Dungeon
  4826 | D:5      | Reached XP level 8. HP: 64/73 MP: 13/13
  5860 | D:6      | Noticed a four-headed hydra
  5862 | D:6      | Banished a four-headed hydra
  5863 | D:6      | Reached XP level 9. HP: 82/82 MP: 15/15
  7695 | D:7      | Found a runed translucent door.
  7697 | D:7      | Noticed Crazy Yiuf
  7715 | D:7      | Banished Crazy Yiuf
  8609 | D:7      | Reached skill level 10 in Axes
  8788 | D:7      | Reached skill level 10 in Invocations
  9156 | D:7      | Noticed Prince Ribbit
  9173 | D:7      | Reached skill level 10 in Fighting
  9188 | D:7      | Killed Prince Ribbit
  9189 | D:7      | Reached XP level 10. HP: 38/93 MP: 17/17
 10079 | D:8      | Noticed a boulder beetle
 10093 | D:8      | Banished a boulder beetle
 11596 | D:9      | Found a radiant altar of Vehumet.
 11803 | D:9      | Noticed Grum
 11823 | D:9      | Banished Grum
 12173 | D:9      | Banished a very large slime creature
 12293 | D:9      | Found Meanukheowe's Distillery.
 12496 | D:9      | Found Ukhlunum's Weapon Boutique.
 12509 | D:9      | Bought a +0 vorpal war axe for 115 gold pieces
 12702 | D:10     | Entered Level 10 of the Dungeon
 12732 | D:10     | Reached skill level 1 in Shields
 12732 | D:10     | Reached XP level 11. HP: 97/104 MP: 20/20
 13303 | D:10     | Found Deosk's Distillery.
 13312 | D:10     | Bought a potion of haste for 140 gold pieces
 13484 | D:10     | Noticed an orc knight
 13489 | D:10     | Reached **** piety under Lugonu
 13492 | D:10     | Banished an orc knight
 13961 | D:11     | Identified the +10 dagger "Toewn" {drain, rF+ Dex+2}
 14023 | D:11     | Noticed a white ugly thing
 14037 | D:11     | Killed a white ugly thing
 14473 | D:11     | Found a transporter.
 14473 | D:11     | Noticed a yaktaur captain
 14476 | D:11     | Noticed a two-headed ogre
 14477 | D:11     | Noticed a skeletal warrior
 14478 | D:11     | Noticed a two-headed ogre
 14480 | D:11     | Noticed NeededCrab's ghost (journeyman MfTm)
 14484 | D:11     | You fall into a shaft and drop 3 floors!
 14494 | D:14     | Noticed a red ugly thing
 14514 | D:15     | Entered Level 15 of the Dungeon
 14616 | D:14     | Killed a red ugly thing
 14858 | D:14     | Identified the +6 battleaxe "Maid" {flame, Dex+5}
 14898 | D:13     | Noticed a centaur warrior
 14921 | D:13     | Killed a centaur warrior
 14966 | D:14     | Noticed a cyclops
 15043 | D:13     | Noticed a deep elf pyromancer
 15049 | D:13     | Killed a deep elf pyromancer
 15167 | D:13     | Noticed a centaur warrior
 15278 | D:13     | Noticed a deep elf pyromancer
 15284 | D:13     | Killed a deep elf pyromancer
 15287 | D:13     | Noticed a rakshasa
 15292 | D:13     | Shot with an arrow by a centaur warrior

Illustrated notes

Levels and vault maps discovered:
D:1:      sevenhm_arrival_forest_fort_small_3, layout_rooms
D:2:      layout_rooms, serial_shops, nicolae_shop_trees, basic_altar,
          kennysheep_donut
D:3:      layout_basic, ebering_ecumenical_altar_rust
D:4:      layout_cave_pools, minmay_temple_entry_gardened_gates,
          dk_noncrumbling_2
D:5:      layout_loops_ring
D:6:      layout_layer_cave, serial_bayou_crossing
D:7:      layout_cave_pods, chequers_garden, kennysheep_cluttered_room,
          uniq_prince_ribbit1, uniq_crazy_yiuf_cottage
D:8:      layout_cave_pods, serial_park, serial_park_paths
          [serial_park_minivault_5x5_4], serial_park_fountain,
          serial_park_tiny_1, serial_park_gazebo [serial_park_minivault_5x5_5],
          serial_park_tiny_pond
D:9:      layout_roguey, nicolae_vehumet_radiance, serial_shops,
          nicolae_shop_stone, nicolae_shop_stone, uniq_grum
D:10:     layout_irregular_city, serial_shops, nicolae_lakefront_shop
D:11:     layout_long_grid, lair_entry_dummy, orc_0_dummy,
          gammafunk_ghost_arena, lemuel_blue_sif_altar
D:13:     minmay_bloctagon, layout_loops_corners, serial_glass, glass_columns_c,
          glass_columns_c
D:14:     layout_long_grid, erik_vaults_2, chequers_mini_garden
D:15:     gammafunk_depths_entry_grave, layout_cave_pools,
          nicolae_ashenzari_skybound

Skill      XL: |  1  2  3  4  5  6  7  8  9 10 11 |
---------------+----------------------------------+-----
Fighting       | 4 5 6 7 8 10 11 12 | 12.5
Axes           | 3 4 5 7 9 10 12 13 | 13.2
Invocations    | 3 4 5 7 8 10 12 13 | 13.1
Shields        | 1 3 |  3.5
Armour         | 4 |  4.2
Dodging        | |  0.7

Action                   |  1- 3 |  4- 6 |  7- 9 | 10-12 || total
-------------------------+-------+-------+-------+-------++-------
Melee: Hand axe          |    96 |   202 |   372 |       ||   670
       Battleaxe         |       |       |     9 |   137 ||   146
       War axe           |       |       |       |    92 ||    92
 Fire: Hunting sling     |       |       |       |     8 ||     8
Throw: Dart              |       |     3 |    15 |     2 ||    20
       Boomerang         |       |       |     5 |    18 ||    23
Invok: Depart the Abyss  |     1 |       |       |       ||     1
       Banish            |       |       |     4 |     6 ||    10
       Bend Space        |       |       |     1 |     2 ||     3
Evoke: Wand              |       |     2 |     7 |     9 ||    18
  Use: Scroll            |     1 |     2 |    14 |    11 ||    28
       Potion            |       |     1 |     4 |       ||     5
Armor: Plate armour      |    73 |   169 |   216 |   183 ||   641
       Leather armour    |     4 |       |       |       ||     4
Dodge: Dodged            |    25 |    53 |    88 |    70 ||   236
Block: Kite shield       |       |       |       |    62 ||    62
